 Dungeon Crawl Stone Soup version 0.31-a0-441-g867994ef1c (webtiles) character file.

Game seed: 1527165877639868578

22 redmage the Digger (level 3, -2/26 HPs)
             Began as a Meteoran Earth Elementalist on Aug 2, 2023.
             Slain by an iguana (8 damage)
             ... on level 3 of the Dungeon.
             The game lasted 00:02:58 (185 turns).

redmage the Digger (Meteoran Earth Elementalist)     Turns: 185, Time: 00:02:59

Health: -2/26      AC:  2    Str:  9    XL:     3   Next: 23%
Magic:  2/8        EV: 12    Int: 18    God:
Gold:   18         SH:  0    Dex: 15    Spells: 2/8 levels left

rFire   . . .        (no weapon)
rCold   . . .        (no shield)
rNeg    . . .        a - +0 robe
rPois   .            (no helmet)
rElec   .            (no cloak)
rCorr   .            (no gloves)
SInv    .            (no boots)
Will    .....        (no amulet)
Stlth   +            (no ring)
HPRegen 0.24/turn    (no ring)
MPRegen 0.11/turn

%: no passive effects
@: glowing
A: sense surroundings 1, otherworldly, glowing, explore regen
a: no special abilities


You were on level 3 of the Dungeon.
You visited 1 branch of the dungeon, and saw 3 of its levels.

You collected 18 gold pieces.

Inventory:

Missiles
 e - 2 boomerangs
Armour
 a - a +0 robe (worn)
Scrolls
 c - a scroll of amnesia {unknown}
 d - a scroll of revelation {unknown}
Potions
 b - a potion of magic
 f - a potion of mutation {unknown}


   Skills:
 - Level 2.4 Dodging
 - Level 1.4 Stealth
 - Level 3.1 Spellcasting
 * Level 0.6 Conjurations
 - Level 1.2 Transmutations
 + Level 4.4 Earth Magic


You had 2 spell levels left.
You knew the following spells:

 Your Spells              Type           Power      Damage    Failure   Level
a - Sandblast             Erth           36%        2d10      2%          1
b - Passwall              Tmut/Erth      10%        N/A       8%          2
c - Stone Arrow           Conj/Erth      22%        3d8       17%         3

Your spell library contained the following spells:

 Spells                   Type           Power      Damage    Failure   Level
 Petrify                  Tmut/Erth      13%        N/A       45%         4


Dungeon Overview and Level Annotations

Branches:
Dungeon (3/15) Zot: 1601

Altars:


Innate Abilities, Weirdness & Mutations

You passively map a small area around you.
You are easily found by Zot.
You glow in the dark.
You regain HP and MP as you explore.


Message History

Aim: an iguana (heavily wounded, 84% to hit)
The blast of sand misses the iguana.
The iguana barely misses you.
Unknown command.
Unknown command.
Unknown command.
Casting: Sandblast (safe; 2% risk of failure)
Confirm with . or Enter, or press ? or * to list all spells.
Aiming: Sandblast (safe; 2% risk of failure)
Press: ? - help, Shift-Dir - straight line, f/p - iguana
Aim: an iguana (heavily wounded, 84% to hit)
The blast of sand hits the iguana.
The iguana is almost dead.
The iguana bites you. The iguana barely misses you.
Unknown command.
Unknown command.
Unknown command.
Casting: Sandblast (safe; 2% risk of failure)
Confirm with . or Enter, or press ? or * to list all spells.
The spell is quite dangerous to miscast (17% risk of failure)!
Continue anyway?
Okay, then.
Unknown command.
Casting: Stone Arrow (quite dangerous; 17% risk of failure)
Confirm with . or Enter, or press ? or * to list all spells.
Aiming: Sandblast (safe; 2% risk of failure)
Press: ? - help, Shift-Dir - straight line, f/p - iguana
Aim: an iguana (almost dead, 84% to hit)
The blast of sand misses the iguana.
The iguana bites you.
* * * LOW HITPOINT WARNING * * *
Unknown command.
Unknown command.
Unknown command.
Casting: Sandblast (safe; 2% risk of failure)
Confirm with . or Enter, or press ? or * to list all spells.
Aiming: Sandblast (safe; 2% risk of failure)
Press: ? - help, Shift-Dir - straight line, f/p - iguana
Aim: an iguana (almost dead, 84% to hit)
The blast of sand hits the iguana but does no damage.
The iguana is almost dead.
The iguana bites you!
You die...

, #. ##.#.# *
.###.####.###.#*
, .........##
#.# ###.##.##
#.. #.....#*
,### #..###.#* ,
* #..## #.#,
#...# *#.#* *
#..@#* *##
#.....l.#*
#.......... ,
#.......#### *
###....## #....#
* *####.# , .# *


You could see an iguana.

Vanquished Creatures
  An adder (D:2)
  2 worms (D:2)
  A bat (D:2)
  An endoplasm (D:2)
  A goblin (D:2)
  A hobgoblin (D:1)
  A frilled lizard (D:2)
8 creatures vanquished.

Notes
Turn   | Place    | Note
-------+----------+-------------------------------------------
     0 | D:1      | redmage the Meteoran Earth Elementalist began the quest for
                  | the Orb.
     0 | D:1      | Reached XP level 1. HP: 14/14 MP: 5/5
    72 | D:2      | Reached skill level 4 in Earth Magic
    72 | D:2      | Reached XP level 2. HP: 16/20 MP: 2/7
   116 | D:2      | Reached XP level 3. HP: 26/26 MP: 6/8
   119 | D:2      | Learned a level 2 spell: Passwall
   123 | D:2      | Learned a level 3 spell: Stone Arrow
   185 | D:3      | Slain by an iguana

Illustrated notes

Levels and vault maps discovered:
D:1:      dpeg_arrival_houses_and_road, layout_loops_ring
D:2:      layout_loops_cross, basic_altar
D:3:      layout_loops_ring, minivault_14, hex_medium,
          kennysheep_generic_room_14

Skill      XL: |  1 |
---------------+----+-----
Spellcasting   | 3 |  3.1
Earth Magic    | 4 |  4.4
Dodging        | |  2.4
Stealth        | |  1.4
Conjurations   | |  0.6
Transmutations | |  1.2

Action                     || total
---------------------------++-------
  Melee: Unarmed           ||     1
   Cast: Sandblast         ||    26
 Armour: Robe              ||     3
  Dodge: Dodged            ||    12

Table legend: (Time is in decaauts)
 A = Elapsed time spent in this place.
 B = Non-inter-level travel time spent in this place.
 C = Inter-level travel time spent in this place.
 D = Time resting spent in this place.
 E = Time spent auto-exploring this place.
 F = Levels seen in this place.
 G = Mean time per level.
                   A        B        C        D        E       F      G
               +--------+--------+--------+--------+--------+-----+--------+
         Total |    197 |    197 |      0 |      0 |      0 |   3 |   65.7 |
       Dungeon |    197 |    197 |      0 |      0 |      0 |   3 |   65.7 |
               +--------+--------+--------+--------+--------+-----+--------+

Top non-repeatable levels by time:
     D:2: 153 daAuts
     D:1: 23 daAuts
     D:3: 20 daAuts
